 Dungeon Crawl Stone Soup version 0.21.1-1-g345015fe64 (webtiles) character file.

8842 Kohma the Covert (level 11, -11/47 HPs)
             Began as a Spriggan Venom Mage on June 26, 2018.
             Was a Believer of Nemelex Xobeh.
             Hit by a large rock thrown by a stone giant (18 damage)
             ... on level 1 of the Orcish Mines.
             The game lasted 00:52:41 (16170 turns).

Kohma the Covert (Spriggan Venom Mage)             Turns: 16170, Time: 00:52:41

Health: -11/47     AC:  7    Str:  5    XL:     11   Next: 15%
Magic:  16/30      EV: 22    Int: 21    God:    Nemelex Xobeh [**....]
Gold:   692        SH:  8    Dex: 17    Spells: 9/22 levels left

rFire    . . .     SeeInvis +   Q - +0 dagger (protect)
rCold    . . .     Gourm    .   f - +0 buckler
rNeg     . . .     Faith    .   L - +2 robe {MR+}
rPois    .         Spirit   .   (helmet restricted)
rElec    .         Reflect  .   N - +2 cloak
rCorr    .         Harm     .   (gloves unavailable)
MR       ++...                  (boots unavailable)
Stlth    +++++.....             (no amulet)
HPRegen  0.15/turn              c - ring of magical power
MPRegen  0.22/turn              z - +2 ring of intelligence

@: very slightly contaminated, very quick
A: very small, unfitting armour, see invisible, herbivore, speed 3, slow
metabolism 2
a: Renounce Religion


You were on level 1 of the Orcish Mines.
You worshipped Nemelex Xobeh.
Nemelex Xobeh was pleased with you.
You were not hungry.

You visited 3 branches of the dungeon, and saw 12 of its levels.

You collected 692 gold pieces.

Inventory:

Hand Weapons
 g - a +1 dagger
 w - a +1 antimagic whip
 K - a +2 scimitar of flaming
 Q - a +0 dagger of protection (weapon)
Missiles
 d - 15 arrows
 t - 102 bolts
 y - 16 tomahawks (quivered)
Armour
 a - a +0 troll leather armour
 f - a +0 buckler (worn)
 L - a +2 robe of magic resistance (worn)
 N - a +2 cloak (worn)
Jewellery
 c - a ring of magical power (left hand)
 z - a +2 ring of intelligence (right hand)
Wands
 q - a wand of acid (11)
 u - a wand of polymorph (6)
 x - a wand of flame (3)
 A - a wand of iceblast (13)
 B - a wand of disintegration (17)
Scrolls
 i - 3 scrolls of teleportation
 j - 3 scrolls of fear
 k - 5 scrolls of enchant armour
 n - 3 scrolls of fog
 r - a scroll of amnesia
 F - a scroll of remove curse
 G - 4 scrolls of blinking
Potions
 e - 3 potions of flight
 l - 5 potions of curing
 o - 3 potions of lignification
 p - 3 potions of heal wounds
 v - 2 potions of brilliance {unknown}
 D - 4 potions of haste
 E - 3 potions of ambrosia
 H - a potion of agility {unknown}
 M - a potion of might
Books
 b - a Young Poisoner's Handbook

   Spells                             Type                      Level
   a - Sting                          Conjuration/Poison           1
   b - Poisonous Vapours              Poison/Air                   2
   c - Mephitic Cloud                 Conjuration/Poison/Air       3
   d - Olgreb's Toxic Radiance        Poison                       4
   e - Venom Bolt                     Conjuration/Poison           5
 m - a book of Changes

   Spells                             Type                      Level
   a - Beastly Appendage              Transmutation                1
   b - Sticks to Snakes               Transmutation                2
   c - Spider Form                    Transmutation/Poison         3
   d - Ice Form                       Ice/Transmutation            4
   e - Blade Hands                    Transmutation                5
 I - a book of Conjurations

   Spells                             Type                      Level
   a - Magic Dart                     Conjuration                  1
   b - Searing Ray                    Conjuration                  2
   c - Dazzling Spray                 Conjuration/Hexes            3
   d - Fulminant Prism                Conjuration/Hexes            4
   e - Force Lance                    Conjuration/Translocation    4
   f - Iskenderun's Mystic Blast      Conjuration                  4
 O - a book of Misfortune

   Spells                             Type                      Level
   a - Confusing Touch                Hexes                        1
   b - Confuse                        Hexes                        3
   c - Gell's Gravitas                Translocation                3
   d - Petrify                        Transmutation/Earth          4
   e - Metabolic Englaciation         Hexes/Ice                    5
   f - Yara's Violent Unravelling     Hexes/Transmutation          5
Miscellaneous
 C - a plain deck of summoning {drawn: 1}
 P - a lightning rod (4/4)
Comestibles
 s - 9 rations


   Skills:
 - Level 6.4 Dodging
 - Level 10.0 Stealth
 * Level 7.1 Shields
 - Level 6.0 Spellcasting
 + Level 2.3 Conjurations
 + Level 3.9 Transmutations
 - Level 4.0 Air Magic
 * Level 8.5 Poison Magic
 - Level 8.0 Evocations


You had 9 spell levels left.
You knew the following spells:

 Your Spells              Type           Power        Failure   Level  Hunger
a - Sting                 Conj/Pois      ####         1%          1    None
b - Poisonous Vapours     Pois/Air       ####..       1%          2    None
c - Mephitic Cloud        Conj/Pois/Air  ####....     3%          3    ##.....
d - Olgreb's Toxic Radia  Pois           #####...     3%          4    ####...
e - Sticks to Snakes      Tmut           ###.....     2%          2    None
f - Magic Dart            Conj           ###.         3%          1    None


Dungeon Overview and Level Annotations

Branches:
Dungeon (10/15)            Temple (1/1) D:7            Lair (0/6) D:10
    Orc (1/2) D:10

Altars:
Ashenzari
Cheibriados
Dithmenos
Elyvilon
Fedhas
Gozag
Hepliaklqana
Kikubaaqudgha
Makhleb
Nemelex Xobeh
Okawaru
Qazlal
Ru
Sif Muna
Trog
Uskayaw
Vehumet
Wu Jian
Xom
Yredelemnul
Zin
The Shining One

Shops:
D:5 *   D:7 !

Annotations:
D:1 fly, exclusion: downstairs
D:5 terminal's ghost, amateur MfIE


Innate Abilities, Weirdness & Mutations

You are very small and have problems with some larger weapons.
You are too small for most types of armour.
You have supernaturally acute eyesight. (SInv)
You are a herbivore.
You cover ground extremely quickly.
You need consume almost no food.


Message History

The stone giant is engulfed in poison gas.
The stone giant looks even sicker.
The stone giant throws a large rock.
The large rock misses you.
The stone giant throws a large rock.
The large rock hits you!!!
Ouch! That really hurt!
* * * LOW HITPOINT WARNING * * *
You see here a large rock.
Casting: Poisonous Vapours
Confirm with . or Enter, or press ? or * to list all spells.
Aiming: Mephitic Cloud
Press: ? - help, Shift-Dir - straight line, f/p - stone giant
Aim: a stone giant (lightly wounded, poisoned)
The ball explodes into a vile cloud!
The stinking cloud engulfs the stone giant.
The stone giant is lightly wounded.
The stone giant is engulfed in noxious fumes.
An orc comes into view. It is wielding a hand axe.
The stone giant throws a large rock.
The large rock hits you!!
You die...
Your body disappears without a glow.

#........o......##
#................##
#........§§..##...###
#......o§§§.........##
#.......§C§..........#
##....................##
#...##.................#
##...#...........##...##
#...##..[)@#....###.##
#..#####.<.....## ###
...# ##.(....#### ##.##
##.......#..## ##
#............#
#...........##
##.#...#....#
##.....##.## ##.#.#.#.##


You could see a stone giant and an orc priest.

Vanquished Creatures
  Erica (D:8)
  A two-headed ogre (D:8)
  The ghost of imnir the Cudgeler, a novice TrFi of Okawaru (D:6)
  Maurice (D:8)
  A komodo dragon (D:10)
  2 trolls
  A hippogriff (D:8)
  Sigmund (D:2)
  A spriggan (D:7)
  10 yaks
  A steam dragon (D:10)
  An orc warrior (D:7)
  4 sky beasts
  A black bear (D:3)
  An eye of draining (D:3)
  A phantom (D:6)
  2 ice beasts
  5 ogres
  A big kobold (D:5)
  6 bullfrogs
  A water moccasin skeleton (D:4)
  2 scorpions
  3 killer bees (D:8)
  2 crimson imps
  A centaur zombie (D:7)
  A bullfrog zombie (D:7)
  An orc priest (D:10)
  7 hounds
  11 orc wizards
  Crazy Yiuf (D:2)
  6 iguanas
  Terence (D:3)
  Ijyb (D:3)
  Natasha (thrice) (D:3)
  6 worker ants
  A worker ant zombie (D:7)
  14 gnolls
  12 adders
  2 shadow imps
  An ooze (D:1)
  2 adder zombies (D:5)
  3 worms
  8 leopard geckos
  31 orcs
  3 giant cockroaches
  28 hobgoblins
  3 quokkas
  A ball python (D:4)
  13 bats
  5 frilled lizards
  29 goblins
  A jackal skeleton (D:3)
  10 kobolds
  A leopard gecko skeleton (D:4)
  A quokka skeleton (D:7)
  A quokka zombie (D:5)
  14 rats
274 creatures vanquished.

Vanquished Creatures (collateral kills)
  Grinder (D:4)
  2 hungry ghosts
  A water moccasin (D:8)
  An ice beast (D:9)
  An orc warrior (D:8)
  A bullfrog (D:9)
  2 wights
  2 crimson imps
  A jelly (D:7)
  2 shadow imps
  3 orcs (D:8)
  A goblin (D:5)
18 creatures vanquished.

Grand Total: 292 creatures vanquished

Notes
Turn   | Place    | Note
-------+----------+-------------------------------------------
     0 | D:1      | Kohma the Spriggan Venom Mage began the quest for the Orb.
     0 | D:1      | Reached XP level 1. HP: 9/9 MP: 5/5
   467 | D:1      | Reached XP level 2. HP: 13/13 MP: 4/7
   499 | D:1      | Learned a level 2 spell: Poisonous Vapours
  1264 | D:1      | Reached XP level 3. HP: 16/16 MP: 6/9
  1533 | D:2      | You fall through a shaft!
  1626 | D:3      | Noticed a black bear
  1647 | D:3      | Killed a black bear
  1647 | D:3      | Reached skill level 5 in Dodging
  1647 | D:3      | Reached XP level 4. HP: 21/21 MP: 2/11
  1948 | D:2      | Reached XP level 5. HP: 24/24 MP: 5/12
  2099 | D:2      | Noticed Sigmund
  2123 | D:2      | Killed Sigmund
  2123 | D:2      | Reached skill level 5 in Spellcasting
  2123 | D:2      | Reached XP level 6. HP: 21/28 MP: 0/15
  2402 | D:2      | Found a faded altar of an unknown god.
  2440 | D:2      | Found a runed door.
  2544 | D:2      | Noticed Crazy Yiuf
  2560 | D:2      | Killed Crazy Yiuf
  3433 | D:3      | Noticed Natasha
  3436 | D:3      | Killed Natasha
  3436 | D:3      | Reached skill level 1 in Shields
  3441 | D:3      | Noticed Natasha
  3446 | D:3      | Killed Natasha
  3501 | D:3      | Noticed Natasha
  3542 | D:3      | Killed Natasha
  3542 | D:3      | Reached skill level 1 in Air Magic
  3542 | D:3      | Reached XP level 7. HP: 25/32 MP: 2/17
  3832 | D:3      | Noticed Ijyb
  3937 | D:2      | Learned a level 3 spell: Mephitic Cloud
  3942 | D:2      | Learned a level 4 spell: Olgreb's Toxic Radiance
  3945 | D:2      | Learned a level 2 spell: Sticks to Snakes
  3973 | D:3      | Killed Ijyb
  4021 | D:3      | Reached skill level 4 in Stealth
  4146 | D:3      | Found a bloodstained altar of Trog.
  4350 | D:3      | Noticed Terence
  4363 | D:3      | Killed Terence
  5576 | D:4      | Reached skill level 5 in Stealth
  5686 | D:4      | Noticed Grinder
  5708 | D:4      | Paralysed by Grinder for 4 turns
  5722 | D:4      | Killed Grinder
  5728 | D:4      | Found a sacrificial altar of Ru.
  6119 | D:5      | Entered Level 5 of the Dungeon
  6156 | D:5      | Noticed terminal's ghost (amateur MfIE)
  6220 | D:5      | Found Mankor's Merry Market.
  6354 | D:5      | Found an iron altar of Okawaru.
  6364 | D:5      | Reached XP level 8. HP: 36/36 MP: 18/18
  6564 | D:5      | Reached skill level 6 in Stealth
  6564 | D:5      | Reached skill level 5 in Poison Magic
  7138 | D:5      | Reached skill level 1 in Evocations
  8354 | D:6      | Noticed imnir's ghost (novice TrFi)
  9164 | D:6      | Killed imnir's ghost
  9164 | D:6      | Reached XP level 9. HP: 39/39 MP: 19/19
  9170 | D:6      | Reached skill level 5 in Evocations
  9747 | D:7      | Found Atamess's Distillery.
 10013 | D:7      | Found a staircase to the Ecumenical Temple.
 10019 | Temple   | Entered the Ecumenical Temple
 10066 | Temple   | Became a worshipper of Nemelex Xobeh the Trickster
 10073 | Temple   | Received a gift from Nemelex Xobeh
 10552 | D:7      | Found a shadowy altar of Dithmenos.
 10670 | D:7      | Reached skill level 5 in Shields
 10953 | D:7      | Found a snail-covered altar of Cheibriados.
 11372 | D:8      | Noticed a two-headed ogre
 11383 | D:8      | Noticed Maurice
 11404 | D:8      | Noticed a troll
 11845 | D:8      | Reached * piety under Nemelex Xobeh
 11926 | D:8      | Reached skill level 7 in Stealth
 12295 | D:8      | Noticed Erica
 12319 | D:8      | Killed Erica
 12319 | D:8      | Reached XP level 10. HP: 44/44 MP: 1/20
 12869 | D:8      | Killed a two-headed ogre
 12869 | D:8      | Reached skill level 8 in Stealth
 12869 | D:8      | Reached skill level 1 in Conjurations
 12869 | D:8      | Reached skill level 1 in Transmutations
 13045 | D:8      | Killed Maurice
 13310 | D:8      | Learned a level 1 spell: Magic Dart
 13366 | D:8      | Reached skill level 9 in Stealth
 14958 | D:9      | Reached skill level 10 in Stealth
 15209 | D:10     | Entered Level 10 of the Dungeon
 15222 | D:10     | Reached XP level 11. HP: 47/47 MP: 19/21
 15343 | D:10     | Reached ** piety under Nemelex Xobeh
 15831 | D:10     | Found a staircase to the Orcish Mines.
 15900 | D:10     | Found a staircase to the Lair.
 15916 | Orc:1    | Entered Level 1 of the Orcish Mines
 16143 | Orc:1    | Noticed a stone giant
 16170 | Orc:1    | Hit by a large rock thrown by a stone giant

Skill      XL: |  1  2  3  4  5  6  7  8  9 10 11 |
---------------+----------------------------------+-----
Spellcasting   | 3 4 5 6 |  6.0
Dodging        | 4 5 6 |  6.4
Poison Magic   | 4 6 7 8 |  8.5
Shields        | 1 2 4 6 7 |  7.1
Air Magic      | 1 2 3 4 |  4.0
Stealth        | 5 6 7 10 | 10.0
Evocations     | 4 7 8 |  8.0
Conjurations   | 2 |  2.3
Transmutations | 3 |  3.9

Action                   |  1- 3 |  4- 6 |  7- 9 | 10-12 || total
-------------------------+-------+-------+-------+-------++-------
Melee: Unarmed           |    10 |     1 |       |       ||    11
       Dagger            |    24 |    27 |   275 |    49 ||   375
 Cast: Sting             |    28 |     5 |     1 |       ||    34
       Poisonous Vapours |    25 |    73 |   233 |   138 ||   469
       Sticks to Snakes  |       |       |    57 |    35 ||    92
       Olgreb's Toxic Ra |       |       |     8 |     6 ||    14
       Mephitic Cloud    |       |       |     4 |     8 ||    12
       Magic Dart        |       |       |       |    36 ||    36
Evoke: Wand              |       |       |    10 |       ||    10
       Deck              |       |       |     1 |       ||     1
  Use: Scroll            |       |     2 |    16 |     6 ||    24
       Potion            |       |       |     2 |       ||     2
 Stab: Sleeping          |     3 |       |     3 |       ||     6
       Distracted        |       |       |     1 |       ||     1
  Eat: Ration            |       |     1 |     4 |     3 ||     8
Armor: Robe              |     9 |       |    20 |    13 ||    42
       Skin              |       |       |    18 |       ||    18
Dodge: Dodged            |    79 |    37 |   291 |    85 ||   492
Block: Buckler           |       |       |    53 |    39 ||    92
